 Dungeon Crawl Stone Soup version 0.24.0-13-gcf9b3192b9 (webtiles) character file.

Game seed: 9517664121026572742, levelgen mode: deterministic

107 Delamore the Chopper (level 4, 0/39 HPs)
             Began as a Hill Orc Monk on Nov 5, 2019.
             Slain by a centaur zombie (1 damage)
             ... on level 5 of the Dungeon.
             The game lasted 00:03:47 (2929 turns).

Delamore the Chopper (Hill Orc Monk)                Turns: 2929, Time: 00:03:48

Health: 0/39       AC:  5    Str: 14    XL:     4   Next: 86%
Magic:  4/4        EV: 10    Int: 10    God:
Gold:   134        SH:  0    Dex: 13    Spells: 3/3 levels left

rFire    . . .     SeeInvis .   a - +0 hand axe
rCold    . . .     Gourm    .   (no shield)
rNeg     . . .     Faith    .   o - +0 leather armour
rPois    .         Spirit   .   r - +1 helmet
rElec    .         Reflect  .   (no cloak)
rCorr    .         Harm     .   (no gloves)
MR       .....                  (no boots)
Stlth    +.........             p - amulet of inaccuracy (curse)
HPRegen  0.13/turn              (no ring)
MPRegen  0.09/turn              (no ring)

@: heavily drained
A: no striking features
a: no special abilities


You were on level 5 of the Dungeon.
You were hungry.

You visited 1 branch of the dungeon, and saw 4 of its levels.

You collected 134 gold pieces.

Inventory:

Hand Weapons
 a - a +0 hand axe (weapon)
Armour
 o - a +0 leather armour (worn)
 r - a +1 helmet (worn)
Jewellery
 p - a cursed amulet of inaccuracy (around neck)
Wands
 n - a wand of iceblast (8)
Scrolls
 d - 3 scrolls of teleportation
 i - a scroll of amnesia {unknown}
 k - a scroll of enchant weapon {unknown}
 m - a scroll of enchant armour {unknown}
Potions
 e - 3 potions of lignification {unknown}
 g - a potion of brilliance {unknown}
 h - a potion of invisibility {unknown}
 j - 2 potions of curing {unknown}
 l - a potion of haste {unknown}
 q - 2 potions of heal wounds
Comestibles
 b - 3 chunks of flesh
 c - 3 rations


   Skills:
 - Level 3.6(1.0) Fighting
 + Level 7.1(4.2) Axes
 + Level 0.4(0.0) Armour
 - Level 2.4(0.0) Dodging
 - Level 1.5(0.0) Stealth


You had 3 spell levels left.
You didn't know any spells.
Your spell library was empty.

Dungeon Overview and Level Annotations

Branches:
Dungeon (3/15)

Altars:
Ashenzari

Annotations:
D:5 1 transporter


Message History

The iguana barely misses you.
The centaur zombie hits you but does no damage.
You completely miss the iguana.
The iguana is almost dead.
You completely miss the centaur zombie. The centaur zombie closely misses you.
The iguana barely misses you.
You closely miss the iguana.
The iguana is almost dead.
You hit the centaur zombie.
You are feeling hungry.
The centaur zombie hits you but does no damage.
The iguana bites you.
* * * LOW HITPOINT WARNING * * *
The centaur zombie hits you.
* * * LOW HITPOINT WARNING * * *
You barely miss the iguana.
The iguana is almost dead.
You hit the centaur zombie but do no damage.
The iguana barely misses you. The centaur zombie hits you.
You die...

#.....# .
#.....#..
..#####...# ...
.........##....
#...#....#..###
## #.......#8P
#...##..#..
##..Z...©#©/
#>..@.#..#..
#...l.# .#8P
#.......[ ###
##...........
##.........$
.......##..
........# #
#....##..#


You could see an iguana and a centaur zombie.

Vanquished Creatures
  Robin (D:2)
  3 adders (D:2)
  2 worms (D:2)
  A dart slug (D:2)
  2 leopard geckos
  6 bats
  4 giant cockroaches
  8 goblins
  7 hobgoblins
  8 jackals
  A ball python (D:1)
  A frilled lizard (D:2)
  4 kobolds
  7 rats
55 creatures vanquished.

Notes
Turn   | Place    | Note
-------+----------+-------------------------------------------
     0 | D:1      | Delamore the Hill Orc Monk began the quest for the Orb.
     0 | D:1      | Reached XP level 1. HP: 19/19 MP: 1/1
    46 | D:1      | Reached XP level 2. HP: 8/26 MP: 2/2
   347 | D:1      | Reached skill level 5 in Axes
   432 | D:1      | Reached XP level 3. HP: 15/31 MP: 3/3
  1090 | D:2      | Reached skill level 6 in Axes
  1356 | D:2      | Reached XP level 4. HP: 13/39 MP: 4/4
  2139 | D:2      | Found a shattered altar of Ashenzari.
  2300 | D:2      | Noticed Robin
  2340 | D:2      | Killed Robin
  2340 | D:2      | Reached skill level 7 in Axes
  2913 | D:3      | You fall into a shaft and drop 2 floors!
  2913 | D:5      | Entered Level 5 of the Dungeon
  2916 | D:5      | Found a transporter.
  2928 | D:5      | HP: 1/39 [centaur zombie (3)]
  2929 | D:5      | Slain by a centaur zombie

Levels and vault maps discovered:
D:1:      saegor_arrival_simple_a, layout_rooms, hangedman_decor_growths,
          minmay_pentomino_t2
D:2:      layout_loops_ring, nicolae_overflow_hidden_temple,
          minmay_misc_feat_rows, hangedman_decor_slide_cut, uniq_robin
D:3:      layout_loops_cross, minmay_ruptured, uniq_natasha
D:5:      gammafunk_steamed_eel, layout_cave_pools, nicolae_gozag_seed_capital,
          gammafunk_temple_of_torment, minmay_temple_entry_mini_moons,
          first_ration, eino_small_chamber_without_monster, uniq_prince_ribbit1,
          uniq_crazy_yiuf_cottage, uniq_sigmund

Skill      XL: |  1  2  3  4 |
---------------+-------------+-----
Axes           | 5 6 7 |  7.1
Fighting       | |  3.6
Armour         | |  0.4
Dodging        | |  2.4
Stealth        | |  1.5

Action                   |  1- 3 |  4- 6 || total
-------------------------+-------+-------++-------
Melee: Hand axe          |    97 |   105 ||   202
Evoke: Wand              |       |     1 ||     1
  Use: Scroll            |       |     2 ||     2
 Stab: Sleeping          |     3 |     1 ||     4
  Eat: Chunk             |     1 |     5 ||     6
Armor: Robe              |    18 |     1 ||    19
       Leather armour    |       |    22 ||    22
Dodge: Dodged            |    84 |    51 ||   135
